[ AOE2 MATCH · #484136261 ]
Team RMMaya vs Portuguese
[ REPLAY ANALYSIS · EXTRACTED FROM THE RECORDED GAME ]
Feudal
11:27
Castle
18:35
Imperial
36:35
| APM avg | 25.6 |
| APM peak | 78 |
| eAPM avg | 17.5 |
| Villagers / military | 140 / 673 |
Focus
⚔️ 39.3% · 🌾 60.7%
Eagle Scout ×380 · Spearman ×150 · Skirmisher ×88 · Trade Cart ×58 · Battering Ram ×34 · Plumed Archer ×15
Feudal
9:46
Castle
21:38
Imperial
28:41
| APM avg | 55.2 |
| APM peak | 127 |
| eAPM avg | 28.5 |
| Villagers / military | 216 / 482 |
Focus
⚔️ 24.5% · 🌾 75.5%
Knight ×227 · Steppe Lancer ×143 · Unknown (1260) ×42 · Scout Cavalry ×37 · Kipchak ×34 · Trade Cart ×28
Feudal
11:48
Castle
19:28
Imperial
35:06
| APM avg | 13.4 |
| APM peak | 52 |
| eAPM avg | 8.9 |
| Villagers / military | 177 / 93 |
Focus
⚔️ 31.8% · 🌾 68.2%
Unknown (1952) ×166 · Spearman ×76 · Unknown (1949) ×17 · Scout Cavalry ×14 · Trade Cart ×7 · Unknown (1944) ×4
Feudal
13:07
Castle
20:01
Imperial
31:50
| APM avg | 28.7 |
| APM peak | 65 |
| eAPM avg | 24.2 |
| Villagers / military | 113 / 322 |
Focus
⚔️ 21.0% · 🌾 79.0%
Knight ×213 · Scout Cavalry ×61 · War Elephant ×37 · Trade Cart ×28 · Spearman ×11
Feudal
11:08
Castle
20:06
Imperial
33:12
| APM avg | 23.8 |
| APM peak | 81 |
| eAPM avg | 15.5 |
| Villagers / military | 207 / 695 |
Focus
⚔️ 43.1% · 🌾 56.9%
Magyar Huszar ×346 · Spearman ×224 · Cavalry Archer ×125
Feudal
11:26
Castle
15:16
Imperial
32:49
| APM avg | 32.4 |
| APM peak | 81 |
| eAPM avg | 17.3 |
| Villagers / military | 129 / 394 |
Focus
⚔️ 34.9% · 🌾 65.1%
Mangudai ×200 · Scout Cavalry ×189 · Trebuchet (Packed) ×5
Feudal
11:30
Castle
19:06
Imperial
36:22
| APM avg | 47.4 |
| APM peak | 90 |
| eAPM avg | 25.6 |
| Villagers / military | 142 / 319 |
Focus
⚔️ 41.0% · 🌾 59.0%
Scout Cavalry ×108 · Cavalry Archer ×91 · Mangudai ×67 · Trade Cart ×44 · Battering Ram ×27 · Unknown (1260) ×27
Feudal
10:02
Castle
16:26
Imperial
31:56
| APM avg | 20.2 |
| APM peak | 60 |
| eAPM avg | 17.4 |
| Villagers / military | 74 / 339 |
Focus
⚔️ 46.6% · 🌾 53.4%
Spearman ×322 · Trade Cart ×15 · Bombard Cannon ×12 · Militia ×4 · Mangonel ×1
Match map
Initial resources + every placement click. Lines = walls · curves = elevation contours. ◆ gold · ⬟ stone · ● berries · ✦ relic · ◌ wall gap
Your base· ✓ Closed at 18:35 · 74t walls · no gate
Finarfin's base· ✓ Closed at 21:38 · 21t walls · no gate
JuL10SSJ's base· Open — opponent sealed themselves in
Lupone81's base· ✓ Closed at 20:01 · 29t walls · 2 gate(s)
m00n's base· Open — opponent sealed themselves in
Loki's base· Open — unwalled flank
Attila the Hun's base· ✓ Closed at 19:06 · 9t walls · 2 gate(s)
antikiller247's base· Open — unwalled flank
Smoothed initial terrain · ◌ = detected wall gap · hover for details
Inputs per minute
— Mursustaja - - Finarfin
Build order — Mursustaja
First 150 of 594 actions detected
| 0:02 | Build | House |
| 0:04 | Build | House |
| 0:04 | Research | Loom |
| 0:16 | Create | Villager (Male) |
| 0:16 | Create | Villager (Male) |
| 0:33 | Create | Villager (Male) |
| 0:34 | Create | Villager (Male) |
| 1:38 | Create | Villager (Male) |
| 1:38 | Create | Villager (Male) |
| 1:53 | Build | Lumber Camp |
| 2:19 | Create | Villager (Male) |
| 2:19 | Create | Villager (Male) |
| 2:49 | Create | Villager (Male) |
| 2:51 | Create | Villager (Male) |
| 2:51 | Create | Villager (Male) |
| 3:24 | Create | Villager (Male) |
| 3:25 | Create | Villager (Male) |
| 3:42 | Build | House |
| 3:57 | Create | Villager (Male) |
| 3:58 | Create | Villager (Male) |
| 4:17 | Create | Villager (Male) |
| 4:44 | Create | Villager (Male) |
| 5:22 | Build | House |
| 5:29 | Build | Palisade Wall |
| 5:42 | Create | Villager (Male) |
| 5:42 | Create | Villager (Male) |
| 5:58 | Build | Palisade Wall |
| 6:00 | Build | Palisade Wall |
| 6:04 | Create | Villager (Male) |
| 6:10 | Build | Mill |
| 7:23 | Create | Villager (Male) |
| 7:23 | Create | Villager (Male) |
| 7:53 | Create | Villager (Male) |
| 8:02 | Build | House |
| 8:21 | Create | Villager (Male) |
| 8:26 | Build | Mining Camp |
| 9:03 | Build | Palisade Wall |
| 9:14 | Create | Villager (Male) |
| 9:17 | Research | Feudal Age |
| 9:20 | Create | Villager (Male) |
| 9:21 | Create | Villager (Male) |
| 9:37 | Build | House |
| 9:44 | Create | Villager (Male) |
| 11:27 | Age | Feudal Age |
| 11:29 | Research | Double-Bit Axe |
| 11:34 | Research | Horse Collar |
| 11:47 | Build | Mill |
| 11:57 | Build | Market |
| 12:17 | Create | Villager (Male) |
| 12:43 | Create | Villager (Male) |
| 12:44 | Create | Villager (Male) |
| 12:48 | Build | Blacksmith |
| 12:53 | Build | Farm |
| 12:53 | Build | Farm |
| 12:53 | Build | Farm |
| 13:04 | Build | Farm |
| 13:14 | Create | Villager (Male) |
| 13:30 | Build | Stone Wall |
| 13:36 | Build | Farm |
| 14:10 | Build | Farm |
| 14:17 | Build | Farm |
| 14:18 | Build | Farm |
| 14:21 | Create | Villager (Male) |
| 14:21 | Create | Villager (Male) |
| 14:46 | Build | Stone Wall |
| 14:48 | Build | Stone Wall |
| 14:58 | Research | Wheelbarrow |
| 15:08 | Create | Villager (Male) |
| 15:12 | Build | Mining Camp |
| 15:29 | Build | Stone Wall |
| 15:32 | Build | Stone Wall |
| 15:40 | Create | Villager (Male) |
| 15:40 | Create | Villager (Male) |
| 15:55 | Research | Castle Age |
| 16:10 | Build | Stone Wall |
| 16:24 | Create | Villager (Male) |
| 16:37 | Build | House |
| 16:39 | Build | House |
| 16:40 | Build | House |
| 16:48 | Build | Stone Wall |
| 16:59 | Research | Scale Mail Armor |
| 17:10 | Build | Barracks |
| 17:22 | Research | Wheelbarrow |
| 17:23 | Create | Villager (Male) |
| 18:23 | Build | Barracks |
| 18:25 | Build | Barracks |
| 18:26 | Build | Barracks |
| 18:35 | Age | Castle Age |
| 18:55 | Build | Town Center |
| 19:33 | Build | Town Center |
| 19:44 | Create | Villager (Male) |
| 19:59 | Research | Bow Saw |
| 20:15 | Research | Eagle Warrior (upgrade) |
| 20:17 | Research | Squires |
| 20:19 | Research | Town Watch |
| 20:23 | Create | Villager (Male) |
| 20:23 | Create | Villager (Male) |
| 20:32 | Build | Farm |
| 20:51 | Research | Heavy Plow |
| 21:19 | Build | Monastery |
| 21:24 | Create | Villager (Male) |
| 21:26 | Create | Villager (Male) |
| 21:33 | Create | Villager (Male) |
| 21:53 | Create | Villager (Male) |
| 21:53 | Create | Villager (Male) |
| 22:00 | Create | Villager (Male) |
| 22:04 | Build | Farm |
| 22:04 | Build | Farm |
| 22:04 | Build | Farm |
| 22:08 | Create | Villager (Male) |
| 22:09 | Create | Villager (Male) |
| 22:17 | Create | Monk |
| 22:38 | Build | Gate |
| 22:43 | Build | Gate |
| 23:01 | Create | Villager (Male) |
| 23:01 | Create | Villager (Male) |
| 23:01 | Create | Villager (Male) |
| 23:05 | Build | Farm |
| 23:33 | Create | Monk |
| 23:38 | Build | Farm |
| 23:38 | Build | Farm |
| 23:43 | Build | Farm |
| 23:44 | Create | Villager (Male) |
| 23:45 | Create | Villager (Male) |
| 23:45 | Create | Villager (Male) |
| 23:57 | Build | Market |
| 23:58 | Build | Market |
| 23:59 | Build | Market |
| 24:07 | Create | Villager (Male) |
| 24:07 | Create | Villager (Male) |
| 24:08 | Create | Villager (Male) |
| 24:08 | Create | Villager (Male) |
| 24:14 | Build | House |
| 24:14 | Build | House |
| 24:14 | Build | House |
| 24:15 | Build | House |
| 24:15 | Build | House |
| 24:15 | Build | House |
| 24:16 | Build | House |
| 24:16 | Build | House |
| 24:21 | Build | House |
| 24:23 | Build | House |
| 24:25 | Build | House |
| 24:26 | Build | House |
| 24:27 | Build | House |
| 24:37 | Build | Mining Camp |
| 24:40 | Create | Villager (Male) |
| 24:41 | Create | Villager (Male) |
| 24:41 | Create | Villager (Male) |
| 24:43 | Create | Villager (Male) |
Build order — Finarfin
First 150 of 570 actions detected
| 0:01 | Create | Villager (Male) |
| 0:01 | Create | Villager (Male) |
| 0:04 | Build | House |
| 0:07 | Build | House |
| 0:10 | Create | Villager (Male) |
| 0:10 | Create | Villager (Male) |
| 0:10 | Create | Villager (Male) |
| 1:26 | Create | Villager (Male) |
| 1:26 | Create | Villager (Male) |
| 1:46 | Build | Lumber Camp |
| 1:53 | Create | Villager (Male) |
| 2:17 | Create | Villager (Male) |
| 2:17 | Create | Villager (Male) |
| 2:46 | Create | Villager (Male) |
| 3:03 | Build | House |
| 3:15 | Create | Villager (Male) |
| 3:15 | Create | Villager (Male) |
| 3:28 | Build | House |
| 3:43 | Create | Villager (Male) |
| 4:01 | Create | Villager (Male) |
| 4:21 | Build | House |
| 4:25 | Create | Villager (Male) |
| 4:33 | Build | House |
| 4:44 | Create | Villager (Male) |
| 5:03 | Create | Villager (Male) |
| 5:31 | Build | House |
| 5:40 | Create | Villager (Male) |
| 6:01 | Create | Villager (Male) |
| 6:25 | Create | Villager (Male) |
| 6:29 | Build | Mill |
| 6:53 | Research | Loom |
| 6:53 | Research | Loom |
| 7:36 | Research | Feudal Age |
| 7:37 | Research | Feudal Age |
| 8:14 | Build | Palisade Wall |
| 9:46 | Age | Feudal Age |
| 9:48 | Build | Palisade Wall |
| 9:51 | Research | Town Watch |
| 9:51 | Research | Town Watch |
| 10:02 | Build | Town Center |
| 10:06 | Research | Wheelbarrow |
| 10:06 | Research | Wheelbarrow |
| 10:13 | Research | Double-Bit Axe |
| 10:13 | Research | Double-Bit Axe |
| 10:25 | Build | House |
| 10:32 | Create | Villager (Male) |
| 10:55 | Build | House |
| 11:17 | Build | House |
| 11:30 | Create | Villager (Male) |
| 11:30 | Create | Villager (Male) |
| 11:37 | Build | Palisade Wall |
| 11:44 | Create | Villager (Male) |
| 11:53 | Research | Horse Collar |
| 11:54 | Research | Horse Collar |
| 11:57 | Build | Palisade Wall |
| 11:58 | Build | House |
| 12:06 | Build | Blacksmith |
| 12:08 | Create | Villager (Male) |
| 12:09 | Create | Villager (Male) |
| 12:09 | Create | Villager (Male) |
| 12:32 | Build | Farm |
| 12:35 | Create | Villager (Male) |
| 12:36 | Create | Villager (Male) |
| 12:38 | Build | House |
| 12:49 | Build | House |
| 12:53 | Build | House |
| 12:57 | Create | Villager (Male) |
| 13:14 | Build | Farm |
| 13:21 | Build | Farm |
| 13:24 | Build | House |
| 13:26 | Create | Villager (Male) |
| 13:33 | Build | Farm |
| 13:34 | Build | Farm |
| 13:35 | Build | Farm |
| 13:47 | Build | House |
| 13:49 | Create | Villager (Male) |
| 13:50 | Create | Villager (Male) |
| 13:53 | Build | Farm |
| 13:58 | Create | Villager (Male) |
| 14:01 | Build | Farm |
| 14:13 | Build | Farm |
| 14:14 | Build | Farm |
| 14:18 | Build | Farm |
| 14:20 | Create | Villager (Male) |
| 14:21 | Create | Villager (Male) |
| 14:34 | Build | Farm |
| 14:39 | Build | Farm |
| 14:39 | Create | Villager (Male) |
| 14:40 | Create | Villager (Male) |
| 14:48 | Build | Farm |
| 14:48 | Create | Villager (Male) |
| 15:01 | Build | Farm |
| 15:03 | Create | Villager (Male) |
| 15:04 | Create | Villager (Male) |
| 15:11 | Create | Villager (Male) |
| 15:11 | Create | Villager (Male) |
| 15:16 | Build | Farm |
| 15:18 | Build | Farm |
| 15:20 | Create | Villager (Male) |
| 15:20 | Create | Villager (Male) |
| 15:28 | Create | Villager (Male) |
| 15:28 | Create | Villager (Male) |
| 15:40 | Build | Farm |
| 15:41 | Build | Farm |
| 15:49 | Create | Villager (Male) |
| 15:49 | Create | Villager (Male) |
| 15:49 | Create | Villager (Male) |
| 16:05 | Build | Market |
| 16:07 | Create | Villager (Male) |
| 16:07 | Create | Villager (Male) |
| 16:08 | Create | Villager (Male) |
| 16:08 | Create | Villager (Male) |
| 16:14 | Build | Farm |
| 16:34 | Build | Farm |
| 16:35 | Create | Villager (Male) |
| 16:45 | Build | Farm |
| 16:48 | Build | Farm |
| 16:54 | Create | Villager (Male) |
| 16:55 | Create | Villager (Male) |
| 17:00 | Build | Farm |
| 17:10 | Build | House |
| 17:21 | Build | Farm |
| 17:24 | Build | Farm |
| 17:25 | Create | Villager (Male) |
| 17:26 | Create | Villager (Male) |
| 17:32 | Build | Farm |
| 17:42 | Create | Villager (Male) |
| 17:44 | Build | House |
| 17:52 | Build | Farm |
| 18:00 | Create | Villager (Male) |
| 18:01 | Create | Villager (Male) |
| 18:04 | Build | House |
| 18:25 | Build | House |
| 18:30 | Create | Villager (Male) |
| 18:30 | Create | Villager (Male) |
| 18:36 | Create | Villager (Male) |
| 18:52 | Research | Castle Age |
| 18:52 | Research | Castle Age |
| 19:00 | Build | Mining Camp |
| 19:09 | Build | Farm |
| 19:20 | Build | House |
| 19:29 | Create | Villager (Male) |
| 19:29 | Create | Villager (Male) |
| 19:29 | Create | Villager (Male) |
| 19:43 | Build | House |
| 19:53 | Research | Stone Mining |
| 19:53 | Research | Stone Mining |
| 19:56 | Research | Gold Mining |
| 19:57 | Research | Gold Mining |
| 20:05 | Build | House |
Build order — JuL10SSJ
First 150 of 367 actions detected
| 0:02 | Build | House |
| 0:04 | Build | House |
| 0:05 | Build | House |
| 0:06 | Create | Villager (Male) |
| 0:06 | Create | Villager (Male) |
| 0:06 | Create | Villager (Male) ×2 |
| 0:07 | Create | Villager (Male) ×2 |
| 1:32 | Create | Villager (Male) |
| 2:08 | Create | Villager (Male) |
| 2:42 | Create | Villager (Male) |
| 2:42 | Create | Villager (Male) |
| 3:11 | Create | Villager (Male) |
| 3:24 | Create | Villager (Male) |
| 3:24 | Create | Villager (Male) |
| 3:56 | Create | Villager (Male) |
| 3:56 | Create | Villager (Male) |
| 3:57 | Create | Villager (Male) |
| 4:25 | Create | Villager (Male) |
| 4:25 | Create | Villager (Male) |
| 4:42 | Create | Villager (Male) |
| 4:43 | Create | Villager (Male) |
| 4:43 | Create | Villager (Male) |
| 6:11 | Build | Lumber Camp |
| 6:23 | Build | House |
| 6:24 | Build | House |
| 6:34 | Research | Loom |
| 6:58 | Create | Villager (Male) |
| 6:59 | Create | Villager (Male) |
| 7:45 | Create | Villager (Male) |
| 7:46 | Create | Villager (Male) |
| 8:41 | Build | Mill |
| 8:45 | Create | Villager (Male) |
| 8:59 | Build | Mining Camp |
| 9:17 | Build | House |
| 9:18 | Build | House |
| 9:20 | Build | House |
| 9:21 | Build | House |
| 9:38 | Research | Feudal Age |
| 10:21 | Build | Mining Camp |
| 10:39 | Create | Villager (Male) |
| 10:39 | Create | Villager (Male) |
| 10:40 | Create | Villager (Male) |
| 10:40 | Create | Villager (Male) |
| 10:42 | Create | Villager (Male) |
| 11:09 | Build | House |
| 11:10 | Build | House |
| 11:12 | Build | House |
| 11:13 | Build | House |
| 11:45 | Build | Barracks |
| 11:48 | Age | Feudal Age |
| 11:58 | Build | Gate |
| 12:02 | Build | House |
| 12:03 | Build | House |
| 12:07 | Build | House |
| 12:27 | Research | Double-Bit Axe |
| 12:57 | Research | Horse Collar |
| 12:59 | Research | Gold Mining |
| 13:18 | Research | Stone Mining |
| 13:50 | Create | Villager (Male) |
| 13:51 | Create | Villager (Male) |
| 13:52 | Create | Villager (Male) |
| 13:57 | Build | Farm |
| 14:16 | Build | Market |
| 14:22 | Build | Farm |
| 14:38 | Create | Villager (Male) |
| 14:39 | Create | Villager (Male) |
| 14:45 | Build | Blacksmith |
| 14:50 | Build | Farm |
| 15:12 | Build | Farm |
| 15:21 | Create | Villager (Male) |
| 15:22 | Create | Villager (Male) |
| 15:36 | Build | Farm |
| 15:38 | Create | Villager (Male) |
| 15:39 | Create | Villager (Male) |
| 16:14 | Build | Farm |
| 16:27 | Build | Farm |
| 16:38 | Research | Castle Age |
| 16:53 | Build | Farm |
| 17:31 | Research | Wheelbarrow |
| 17:35 | Research | Town Watch |
| 17:49 | Build | Archery Range |
| 17:51 | Build | Archery Range |
| 17:54 | Build | Stable |
| 18:03 | Create | Trade Cart |
| 18:18 | Research | Fletching |
| 18:23 | Create | Villager (Male) |
| 18:44 | Create | Villager (Male) |
| 18:58 | Build | Archery Range |
| 19:13 | Research | Padded Archer Armor |
| 19:28 | Age | Castle Age |
| 19:40 | Build | Castle |
| 19:47 | Build | Town Center |
| 20:10 | Research | Bow Saw |
| 20:59 | Build | Mining Camp |
| 21:16 | Create | Villager (Male) |
| 21:17 | Create | Villager (Male) |
| 21:17 | Create | Villager (Male) |
| 21:17 | Create | Villager (Male) |
| 21:39 | Create | Unit 1952 ×5 |
| 21:39 | Create | Unit 1952 ×5 |
| 22:06 | Build | University |
| 22:20 | Create | Villager (Male) ×4 |
| 22:20 | Create | Villager (Male) ×4 |
| 22:33 | Build | Farm |
| 22:39 | Create | Villager (Male) |
| 22:39 | Create | Villager (Male) |
| 22:46 | Create | Villager (Male) |
| 22:47 | Create | Villager (Male) |
| 22:58 | Build | Farm |
| 23:12 | Research | Ballistics |
| 23:18 | Create | Villager (Male) |
| 23:19 | Create | Villager (Male) |
| 23:19 | Create | Villager (Male) |
| 23:22 | Build | Farm |
| 23:48 | Build | Farm |
| 24:10 | Create | Unit 1952 ×5 |
| 24:11 | Create | Unit 1952 ×5 |
| 24:14 | Build | Farm |
| 24:31 | Research | Bloodlines |
| 24:38 | Build | Farm |
| 24:41 | Create | Villager (Male) |
| 24:41 | Create | Villager (Male) |
| 24:41 | Create | Villager (Male) |
| 24:42 | Create | Villager (Male) |
| 24:53 | Build | Lumber Camp |
| 24:57 | Create | Villager (Male) |
| 24:57 | Create | Villager (Male) |
| 25:13 | Build | Monastery |
| 25:16 | Build | Farm |
| 25:42 | Build | Town Center |
| 25:44 | Build | Farm |
| 25:48 | Create | Villager (Male) |
| 25:48 | Create | Villager (Male) |
| 25:49 | Create | Villager (Male) |
| 25:49 | Create | Villager (Male) |
| 25:50 | Create | Villager (Male) |
| 25:50 | Create | Villager (Male) |
| 26:02 | Build | Farm |
| 26:06 | Create | Trade Cart |
| 26:06 | Create | Trade Cart |
| 26:06 | Create | Trade Cart |
| 26:10 | Create | Monk |
| 26:22 | Create | Villager (Male) |
| 26:22 | Create | Villager (Male) |
| 26:25 | Build | Farm |
| 26:32 | Research | Heavy Plow |
| 26:50 | Build | Farm |
| 26:58 | Build | Castle |
| 27:22 | Build | Farm |
| 27:24 | Build | Farm |
Build order — Lupone81
First 150 of 433 actions detected
| 0:04 | Build | House |
| 0:05 | Build | House |
| 0:06 | Create | Villager (Male) |
| 0:07 | Create | Villager (Male) |
| 0:07 | Create | Villager (Male) |
| 0:07 | Create | Villager (Male) |
| 0:07 | Create | Villager (Male) |
| 1:40 | Create | Villager (Male) |
| 2:04 | Create | Villager (Male) |
| 2:04 | Create | Villager (Male) |
| 2:50 | Create | Villager (Male) |
| 3:10 | Create | Villager (Male) |
| 3:21 | Create | Villager (Male) |
| 3:27 | Build | House |
| 3:31 | Build | House |
| 3:50 | Create | Villager (Male) |
| 4:01 | Build | Lumber Camp |
| 4:15 | Build | Mining Camp |
| 4:28 | Create | Villager (Male) |
| 4:52 | Create | Villager (Male) |
| 5:09 | Build | House |
| 5:11 | Build | House |
| 5:17 | Create | Villager (Male) |
| 5:18 | Create | Villager (Male) |
| 5:34 | Create | Villager (Male) |
| 5:56 | Create | Villager (Male) |
| 6:13 | Build | Mill |
| 6:17 | Create | Villager (Male) |
| 6:17 | Create | Villager (Male) |
| 6:22 | Build | House |
| 6:25 | Build | House |
| 7:29 | Build | House |
| 7:30 | Build | House |
| 7:34 | Create | Villager (Male) |
| 7:34 | Create | Villager (Male) |
| 7:35 | Create | Villager (Male) |
| 7:35 | Create | Villager (Male) |
| 8:31 | Build | Lumber Camp |
| 8:37 | Create | Villager (Male) |
| 8:51 | Build | House |
| 8:53 | Build | House |
| 8:56 | Build | House |
| 9:23 | Create | Villager (Male) |
| 10:45 | Build | House |
| 10:49 | Build | House |
| 11:04 | Research | Feudal Age |
| 11:10 | Build | House |
| 11:11 | Build | House |
| 11:15 | Build | House |
| 11:25 | Build | Palisade Gate |
| 11:41 | Build | Farm |
| 11:42 | Build | Farm |
| 11:44 | Build | Farm |
| 11:51 | Build | Mill |
| 12:18 | Build | House |
| 12:21 | Build | House |
| 12:27 | Build | House |
| 12:30 | Build | House |
| 13:03 | Create | Villager (Male) |
| 13:07 | Age | Feudal Age |
| 13:20 | Create | Villager (Male) |
| 13:28 | Research | Double-Bit Axe |
| 13:32 | Research | Horse Collar |
| 13:42 | Create | Villager (Male) |
| 14:40 | Build | Blacksmith |
| 14:43 | Create | Villager (Male) |
| 14:43 | Create | Villager (Male) |
| 14:45 | Research | Wheelbarrow |
| 15:00 | Build | Farm |
| 15:14 | Build | Farm |
| 15:37 | Build | Stone Wall |
| 15:58 | Build | Market |
| 16:05 | Build | Farm |
| 16:16 | Create | Villager (Male) |
| 16:28 | Build | Farm |
| 16:44 | Create | Villager (Male) |
| 16:55 | Build | Mining Camp |
| 17:04 | Build | Farm |
| 17:36 | Research | Castle Age |
| 17:47 | Build | Farm |
| 18:09 | Build | Stone Wall |
| 18:19 | Build | Gate |
| 18:45 | Research | Stone Mining |
| 19:01 | Build | Farm |
| 19:09 | Build | Farm |
| 20:01 | Age | Castle Age |
| 20:16 | Build | Town Center |
| 20:20 | Research | Hand Cart |
| 20:25 | Research | Bow Saw |
| 20:30 | Research | Heavy Plow |
| 20:35 | Create | Villager (Male) |
| 20:54 | Build | Gate |
| 21:02 | Create | Villager (Male) |
| 21:15 | Create | Villager (Male) |
| 21:16 | Create | Villager (Male) |
| 21:41 | Create | Villager (Male) |
| 21:46 | Create | Villager (Male) |
| 22:12 | Build | Castle |
| 22:20 | Build | Farm |
| 22:21 | Build | Farm |
| 22:25 | Build | Farm |
| 22:26 | Create | Villager (Male) |
| 22:27 | Create | Villager (Male) |
| 22:27 | Create | Villager (Male) |
| 22:27 | Create | Villager (Male) |
| 22:37 | Build | Town Center |
| 22:41 | Create | Villager (Male) |
| 22:43 | Create | Villager (Male) |
| 22:43 | Create | Villager (Male) |
| 22:58 | Create | Villager (Male) |
| 23:22 | Build | Town Center |
| 23:28 | Create | Villager (Male) |
| 23:29 | Create | Villager (Male) |
| 23:29 | Create | Villager (Male) |
| 23:55 | Build | Lumber Camp |
| 24:00 | Create | Villager (Male) |
| 24:03 | Build | Farm |
| 24:13 | Research | Gold Mining |
| 24:18 | Build | Farm |
| 24:25 | Build | Farm |
| 24:26 | Create | Villager (Male) |
| 24:30 | Create | Villager (Male) |
| 24:30 | Create | Villager (Male) |
| 24:31 | Create | Villager (Male) |
| 24:40 | Build | Farm |
| 24:43 | Create | Villager (Male) |
| 24:48 | Create | Villager (Male) |
| 24:48 | Create | Villager (Male) |
| 25:02 | Build | Stone Wall |
| 25:07 | Build | Gate |
| 25:15 | Build | Farm |
| 25:16 | Build | Farm |
| 25:19 | Create | Villager (Male) |
| 25:19 | Create | Villager (Male) |
| 25:23 | Build | Farm |
| 25:25 | Create | Villager (Male) |
| 25:27 | Create | Villager (Male) |
| 25:27 | Create | Villager (Male) |
| 25:35 | Build | Farm |
| 25:39 | Create | Villager (Male) |
| 25:40 | Create | Villager (Male) |
| 25:45 | Build | Farm |
| 25:51 | Create | Villager (Male) |
| 25:59 | Create | Villager (Male) |
| 26:14 | Build | Farm |
| 26:17 | Create | Villager (Male) |
| 26:23 | Create | Villager (Male) |
| 26:25 | Create | Villager (Male) |
| 26:34 | Research | Gold Shaft Mining |
| 26:43 | Build | Farm |
Build order — m00n
First 150 of 736 actions detected
| 0:01 | Create | Villager (Male) |
| 0:04 | Build | House |
| 0:05 | Build | House |
| 0:09 | Create | Villager (Male) |
| 0:09 | Create | Villager (Male) |
| 0:09 | Create | Villager (Male) |
| 0:10 | Create | Villager (Male) |
| 1:29 | Create | Villager (Male) |
| 1:30 | Create | Villager (Male) |
| 1:50 | Create | Villager (Male) |
| 1:50 | Create | Villager (Male) |
| 2:12 | Build | Mill |
| 2:26 | Create | Villager (Male) |
| 2:58 | Create | Villager (Male) |
| 2:59 | Create | Villager (Male) |
| 3:16 | Create | Villager (Male) |
| 3:17 | Create | Villager (Male) |
| 3:59 | Build | House |
| 4:15 | Build | House |
| 4:23 | Create | Villager (Male) |
| 4:23 | Create | Villager (Male) |
| 4:24 | Create | Villager (Male) |
| 4:24 | Create | Villager (Male) |
| 4:29 | Create | Villager (Male) |
| 4:29 | Create | Villager (Male) |
| 4:43 | Build | Palisade Gate |
| 5:14 | Build | Lumber Camp |
| 5:15 | Create | Villager (Male) |
| 5:19 | Create | Villager (Male) |
| 5:19 | Create | Villager (Male) |
| 5:40 | Build | House |
| 5:41 | Create | Villager (Male) |
| 5:41 | Create | Villager (Male) |
| 5:49 | Create | Villager (Male) |
| 5:58 | Build | House |
| 6:00 | Build | House |
| 6:27 | Build | House |
| 6:33 | Build | House |
| 6:35 | Create | Villager (Male) |
| 6:35 | Create | Villager (Male) |
| 6:36 | Create | Villager (Male) |
| 6:44 | Create | Villager (Male) |
| 6:45 | Create | Villager (Male) |
| 7:17 | Create | Villager (Male) |
| 7:17 | Create | Villager (Male) |
| 7:18 | Create | Villager (Male) |
| 7:33 | Build | House |
| 7:43 | Create | Villager (Male) |
| 7:43 | Create | Villager (Male) |
| 7:44 | Create | Villager (Male) |
| 8:01 | Build | House |
| 8:05 | Build | House |
| 8:07 | Build | House |
| 8:10 | Build | House |
| 8:12 | Build | House |
| 8:16 | Create | Villager (Male) |
| 8:16 | Create | Villager (Male) |
| 8:16 | Create | Villager (Male) |
| 8:17 | Create | Villager (Male) |
| 8:46 | Research | Feudal Age |
| 9:00 | Build | House |
| 9:07 | Build | Palisade Gate |
| 10:42 | Build | House |
| 10:43 | Build | House |
| 11:08 | Age | Feudal Age |
| 11:10 | Research | Wheelbarrow |
| 11:14 | Research | Double-Bit Axe |
| 11:46 | Build | Lumber Camp |
| 11:57 | Create | Villager (Male) |
| 11:57 | Create | Villager (Male) |
| 12:26 | Research | Horse Collar |
| 12:27 | Research | Horse Collar |
| 12:53 | Create | Villager (Male) |
| 13:03 | Build | Farm |
| 13:04 | Build | Farm |
| 13:23 | Create | Villager (Male) |
| 13:26 | Build | Market |
| 13:37 | Create | Villager (Male) |
| 13:52 | Build | Blacksmith |
| 14:06 | Build | Mining Camp |
| 14:14 | Build | Farm |
| 14:17 | Build | Farm |
| 14:21 | Build | Farm |
| 14:23 | Create | Villager (Male) |
| 14:23 | Create | Villager (Male) |
| 14:27 | Build | Farm |
| 14:57 | Build | Farm |
| 15:07 | Build | Mining Camp |
| 15:13 | Create | Villager (Male) |
| 15:16 | Build | Farm |
| 15:18 | Build | Farm |
| 15:26 | Create | Villager (Male) |
| 15:36 | Build | Farm |
| 15:38 | Build | Farm |
| 15:43 | Create | Villager (Male) |
| 15:50 | Build | Farm |
| 15:51 | Build | Farm |
| 15:54 | Build | Farm |
| 16:21 | Build | Farm |
| 16:32 | Build | Farm |
| 16:36 | Create | Villager (Male) |
| 17:00 | Create | Villager (Male) |
| 17:05 | Build | Farm |
| 17:20 | Research | Castle Age |
| 18:05 | Build | Stone Wall |
| 18:14 | Build | Gate |
| 18:41 | Build | Stone Wall |
| 18:46 | Build | Gate |
| 20:06 | Age | Castle Age |
| 20:08 | Research | Hand Cart |
| 20:12 | Research | Bow Saw |
| 20:14 | Research | Heavy Plow |
| 20:18 | Build | Town Center |
| 20:47 | Create | Villager (Male) |
| 20:59 | Create | Villager (Male) |
| 21:26 | Build | Town Center |
| 21:34 | Create | Villager (Male) |
| 21:34 | Create | Villager (Male) |
| 21:34 | Create | Villager (Male) |
| 21:35 | Create | Villager (Male) |
| 21:35 | Create | Villager (Male) |
| 21:36 | Create | Villager (Male) |
| 21:36 | Create | Villager (Male) |
| 21:37 | Create | Villager (Male) |
| 21:37 | Create | Villager (Male) |
| 21:37 | Create | Villager (Male) |
| 21:37 | Create | Villager (Male) |
| 21:45 | Create | Villager (Male) |
| 21:45 | Create | Villager (Male) |
| 22:05 | Build | Lumber Camp |
| 22:14 | Create | Villager (Male) |
| 22:14 | Create | Villager (Male) |
| 22:14 | Create | Villager (Male) |
| 22:43 | Create | Villager (Male) |
| 22:45 | Create | Villager (Male) |
| 22:45 | Create | Villager (Male) |
| 22:45 | Create | Villager (Male) |
| 22:45 | Create | Villager (Male) |
| 22:46 | Create | Villager (Male) |
| 22:46 | Create | Villager (Male) |
| 22:47 | Create | Villager (Male) |
| 22:48 | Create | Villager (Male) |
| 22:48 | Create | Villager (Male) |
| 23:08 | Create | Villager (Male) |
| 23:09 | Create | Villager (Male) |
| 23:35 | Create | Villager (Male) |
| 23:36 | Create | Villager (Male) |
| 23:55 | Build | Barracks |
| 24:17 | Create | Villager (Male) |
| 24:17 | Create | Villager (Male) |
Build order — Loki
First 150 of 444 actions detected
| 0:01 | Create | Villager (Male) |
| 0:02 | Create | Villager (Male) |
| 0:02 | Create | Villager (Male) |
| 0:02 | Create | Villager (Male) |
| 0:02 | Create | Villager (Male) |
| 0:04 | Build | House |
| 0:05 | Build | House |
| 1:17 | Create | Villager (Male) |
| 1:17 | Create | Villager (Male) |
| 1:46 | Build | Lumber Camp |
| 1:48 | Create | Villager (Male) |
| 1:48 | Create | Villager (Male) |
| 2:15 | Create | Villager (Male) |
| 2:15 | Create | Villager (Male) |
| 2:32 | Create | Villager (Male) |
| 2:32 | Create | Villager (Male) |
| 3:10 | Create | Villager (Male) |
| 3:10 | Create | Villager (Male) |
| 3:43 | Create | Villager (Male) |
| 3:43 | Create | Villager (Male) |
| 4:53 | Create | Villager (Male) |
| 4:53 | Create | Villager (Male) |
| 4:54 | Create | Villager (Male) |
| 4:54 | Create | Villager (Male) |
| 4:54 | Create | Villager (Male) |
| 4:54 | Create | Villager (Male) |
| 5:03 | Build | House |
| 5:36 | Build | House |
| 5:39 | Create | Villager (Male) |
| 5:40 | Create | Villager (Male) |
| 5:40 | Create | Villager (Male) |
| 5:40 | Create | Villager (Male) |
| 6:49 | Create | Villager (Male) |
| 7:19 | Build | Mill |
| 7:59 | Create | Villager (Male) |
| 7:59 | Create | Villager (Male) |
| 8:56 | Build | Mining Camp |
| 9:06 | Research | Feudal Age |
| 9:32 | Build | Lumber Camp |
| 10:45 | Build | Farm |
| 10:48 | Build | Farm |
| 11:21 | Build | House |
| 11:26 | Create | Villager (Male) |
| 11:26 | Age | Feudal Age |
| 11:28 | Create | Villager (Male) |
| 11:35 | Build | Market |
| 11:52 | Build | Blacksmith |
| 12:14 | Research | Double-Bit Axe |
| 12:28 | Research | Horse Collar |
| 12:28 | Research | Horse Collar |
| 12:36 | Research | Castle Age |
| 13:29 | Build | Farm |
| 13:31 | Build | Farm |
| 13:34 | Build | Farm |
| 13:38 | Build | Farm |
| 13:41 | Build | Farm |
| 13:43 | Build | Farm |
| 13:45 | Build | Farm |
| 14:33 | Research | Stone Mining |
| 15:16 | Age | Castle Age |
| 15:17 | Create | Villager (Male) |
| 15:18 | Create | Villager (Male) |
| 15:31 | Build | House |
| 15:34 | Build | House |
| 15:36 | Build | House |
| 15:44 | Build | Palisade Wall |
| 15:47 | Create | Villager (Male) |
| 15:49 | Build | Farm |
| 15:57 | Build | Mining Camp |
| 16:04 | Create | Villager (Male) |
| 16:15 | Build | Town Center |
| 16:18 | Build | Farm |
| 16:20 | Create | Villager (Male) |
| 16:22 | Research | Bow Saw |
| 16:29 | Research | Heavy Plow |
| 16:38 | Build | House |
| 16:57 | Create | Villager (Male) |
| 17:05 | Build | Farm |
| 17:06 | Create | Villager (Male) |
| 17:07 | Create | Villager (Male) |
| 17:20 | Create | Villager (Male) |
| 17:26 | Build | Farm |
| 17:45 | Create | Villager (Male) |
| 17:57 | Build | Farm |
| 18:02 | Create | Villager (Male) |
| 18:06 | Build | Farm |
| 18:09 | Build | Farm |
| 18:14 | Build | Farm |
| 18:28 | Create | Villager (Male) |
| 18:29 | Create | Villager (Male) |
| 18:35 | Create | Villager (Male) |
| 18:35 | Create | Villager (Male) |
| 18:35 | Create | Villager (Male) |
| 18:36 | Create | Villager (Male) |
| 18:39 | Research | Bow Saw |
| 18:39 | Research | Bow Saw |
| 18:40 | Create | Villager (Male) |
| 18:41 | Create | Villager (Male) |
| 19:00 | Build | Farm |
| 19:04 | Create | Villager (Male) |
| 19:09 | Create | Villager (Male) |
| 19:12 | Build | Farm |
| 19:16 | Create | Villager (Male) |
| 19:16 | Create | Villager (Male) |
| 19:29 | Create | Villager (Male) |
| 19:30 | Create | Villager (Male) |
| 19:33 | Create | Villager (Male) |
| 19:38 | Research | Gold Mining |
| 19:52 | Create | Villager (Male) |
| 19:59 | Build | Farm |
| 20:02 | Build | Farm |
| 20:04 | Create | Villager (Male) |
| 20:11 | Build | Farm |
| 20:15 | Build | Farm |
| 20:21 | Create | Villager (Male) |
| 20:27 | Build | Farm |
| 20:30 | Create | Villager (Male) |
| 20:51 | Build | Farm |
| 20:58 | Create | Villager (Male) |
| 21:09 | Create | Villager (Male) |
| 21:25 | Build | Farm |
| 21:31 | Create | Villager (Male) |
| 21:56 | Build | Town Center |
| 22:00 | Build | Farm |
| 22:01 | Create | Villager (Male) |
| 22:05 | Build | Farm |
| 22:07 | Build | Farm |
| 22:08 | Create | Villager (Male) |
| 22:22 | Build | House |
| 22:24 | Build | House |
| 22:38 | Build | Farm |
| 22:41 | Create | Villager (Male) |
| 22:54 | Build | House |
| 22:58 | Create | Villager (Male) |
| 23:07 | Build | Farm |
| 23:18 | Build | Castle |
| 23:32 | Build | Farm |
| 23:36 | Build | House |
| 23:38 | Build | House |
| 23:42 | Create | Villager (Male) |
| 23:44 | Create | Villager (Male) |
| 23:45 | Create | Villager (Male) |
| 23:49 | Create | Villager (Male) |
| 24:00 | Create | Villager (Male) |
| 24:05 | Build | Farm |
| 24:07 | Create | Villager (Male) |
| 24:11 | Build | Farm |
| 24:14 | Build | Farm |
| 24:17 | Build | Farm |
| 24:22 | Build | Farm |
Build order — Attila the Hun
First 150 of 671 actions detected
| 0:26 | Create | Villager (Male) |
| 0:26 | Create | Villager (Male) |
| 0:27 | Create | Villager (Male) |
| 0:27 | Create | Villager (Male) |
| 0:27 | Create | Villager (Male) |
| 0:31 | Build | House |
| 0:35 | Build | House |
| 2:14 | Create | Villager (Male) |
| 2:14 | Create | Villager (Male) |
| 2:26 | Create | Villager (Male) |
| 2:26 | Create | Villager (Male) |
| 2:41 | Create | Villager (Male) |
| 2:41 | Create | Villager (Male) |
| 2:41 | Create | Villager (Male) |
| 2:49 | Build | Lumber Camp |
| 3:17 | Create | Villager (Male) |
| 3:32 | Build | House |
| 3:35 | Create | Villager (Male) |
| 3:41 | Research | Loom |
| 3:54 | Create | Villager (Male) |
| 3:54 | Create | Villager (Male) |
| 4:09 | Build | House |
| 4:27 | Create | Villager (Male) |
| 4:45 | Build | House |
| 4:53 | Create | Villager (Male) |
| 5:06 | Create | Villager (Male) |
| 5:52 | Create | Villager (Male) |
| 5:52 | Create | Villager (Male) |
| 6:11 | Create | Villager (Male) |
| 6:46 | Create | Villager (Male) |
| 7:14 | Create | Villager (Male) |
| 7:28 | Build | House |
| 7:51 | Create | Villager (Male) |
| 7:57 | Build | Mill |
| 8:28 | Create | Villager (Male) |
| 8:43 | Research | Feudal Age |
| 9:02 | Build | Barracks |
| 9:12 | Create | Villager (Male) |
| 9:39 | Build | Mill |
| 10:01 | Build | Palisade Gate |
| 10:05 | Create | Villager (Male) |
| 10:19 | Build | House |
| 10:33 | Build | House |
| 10:37 | Build | House |
| 10:39 | Create | Villager (Male) |
| 10:44 | Create | Villager (Male) |
| 11:30 | Age | Feudal Age |
| 11:40 | Research | Double-Bit Axe |
| 11:52 | Build | Market |
| 11:57 | Create | Villager (Male) |
| 12:16 | Build | Mining Camp |
| 12:20 | Create | Villager (Male) |
| 12:56 | Build | Stable |
| 13:01 | Create | Villager (Male) |
| 13:08 | Create | Villager (Male) |
| 13:21 | Research | Horse Collar |
| 14:06 | Build | Farm |
| 14:08 | Build | Farm |
| 14:21 | Build | Farm |
| 14:22 | Build | Farm |
| 14:26 | Build | Farm |
| 14:28 | Build | Farm |
| 14:41 | Create | Villager (Male) |
| 14:58 | Build | Farm |
| 15:11 | Build | Farm |
| 15:21 | Build | Mining Camp |
| 15:25 | Create | Villager (Male) |
| 15:30 | Build | Farm |
| 15:33 | Build | Farm |
| 15:42 | Create | Villager (Male) |
| 16:05 | Build | Blacksmith |
| 16:18 | Build | Farm |
| 16:21 | Build | Farm |
| 16:26 | Research | Castle Age |
| 16:40 | Build | Farm |
| 17:00 | Build | Stone Wall |
| 17:04 | Build | Gate |
| 17:11 | Create | Villager (Male) |
| 17:23 | Build | Stable |
| 17:28 | Create | Villager (Male) |
| 17:37 | Build | Farm |
| 17:43 | Research | Scale Barding Armor |
| 17:43 | Research | Forging |
| 17:54 | Create | Spearman |
| 18:02 | Create | Spearman |
| 18:22 | Research | Stone Mining |
| 19:06 | Age | Castle Age |
| 19:12 | Create | Villager (Male) |
| 19:13 | Create | Villager (Male) |
| 19:32 | Create | Villager (Male) |
| 19:38 | Create | Villager (Male) |
| 20:02 | Build | Stone Wall |
| 20:16 | Build | Town Center |
| 20:21 | Create | Villager (Male) |
| 20:26 | Build | Town Center |
| 20:35 | Research | Stone Shaft Mining |
| 20:36 | Create | Villager (Male) |
| 21:20 | Build | Stone Wall |
| 21:48 | Create | Villager (Male) |
| 21:49 | Create | Villager (Male) |
| 21:52 | Create | Villager (Male) |
| 22:06 | Build | Farm |
| 22:07 | Build | Farm |
| 22:10 | Build | Farm |
| 22:11 | Build | Farm |
| 22:11 | Build | Farm |
| 22:11 | Build | Farm |
| 22:11 | Build | Farm |
| 22:12 | Build | Farm |
| 22:12 | Build | Farm |
| 22:13 | Build | Farm |
| 22:30 | Create | Villager (Male) |
| 22:44 | Build | Town Center |
| 22:47 | Create | Villager (Male) ×5 |
| 22:58 | Build | Archery Range |
| 23:06 | Build | Farm |
| 23:08 | Build | Farm |
| 23:09 | Build | Farm |
| 23:18 | Create | Villager (Male) |
| 23:38 | Build | Farm |
| 23:39 | Build | Farm |
| 23:49 | Build | House |
| 23:50 | Build | House |
| 23:51 | Build | House |
| 23:55 | Create | Villager (Male) ×5 |
| 24:03 | Research | Town Watch |
| 24:06 | Create | Villager (Male) |
| 24:21 | Create | Cavalry Archer |
| 24:25 | Create | Villager (Male) |
| 24:35 | Create | Trade Cart |
| 24:53 | Research | Bow Saw |
| 24:58 | Build | Lumber Camp |
| 25:17 | Build | Lumber Camp |
| 25:24 | Create | Villager (Male) |
| 26:11 | Build | Castle |
| 26:16 | Create | Cavalry Archer |
| 26:17 | Create | Cavalry Archer |
| 26:20 | Create | Villager (Male) |
| 26:22 | Create | Villager (Male) |
| 26:28 | Create | Villager (Male) |
| 26:36 | Research | Gold Mining |
| 26:37 | Create | Villager (Male) |
| 26:41 | Create | Villager (Male) |
| 26:49 | Build | Archery Range |
| 26:56 | Build | University |
| 27:04 | Build | Farm |
| 27:05 | Build | Farm |
| 27:07 | Build | Farm |
| 27:08 | Build | Farm |
| 27:10 | Create | Villager (Male) |
Build order — antikiller247
First 150 of 635 actions detected
| 0:01 | Create | Villager (Male) |
| 0:02 | Create | Villager (Male) |
| 0:02 | Create | Villager (Male) |
| 0:04 | Build | House |
| 0:05 | Build | House |
| 0:11 | Create | Villager (Male) |
| 0:11 | Create | Villager (Male) |
| 1:22 | Build | Mill |
| 1:24 | Create | Villager (Male) |
| 1:55 | Create | Villager (Male) |
| 2:31 | Research | Loom |
| 2:32 | Create | Villager (Male) |
| 2:32 | Create | Villager (Male) |
| 2:54 | Create | Villager (Male) |
| 2:55 | Create | Villager (Male) |
| 3:00 | Create | Villager (Male) |
| 3:24 | Build | House |
| 3:26 | Build | House |
| 3:28 | Build | House |
| 3:32 | Create | Villager (Male) |
| 3:32 | Create | Villager (Male) |
| 3:49 | Create | Villager (Male) |
| 3:49 | Create | Villager (Male) |
| 3:51 | Create | Villager (Male) |
| 4:06 | Build | Palisade Wall |
| 4:27 | Create | Villager (Male) |
| 4:31 | Create | Villager (Male) |
| 4:31 | Create | Villager (Male) |
| 4:42 | Create | Villager (Male) |
| 5:30 | Create | Villager (Male) |
| 6:05 | Create | Villager (Male) |
| 6:12 | Build | Lumber Camp |
| 6:17 | Create | Villager (Male) |
| 7:50 | Research | Feudal Age |
| 8:12 | Build | Mining Camp |
| 8:27 | Build | Palisade Gate |
| 8:30 | Build | Palisade Wall |
| 8:33 | Build | Palisade Wall |
| 8:41 | Create | Villager (Male) |
| 8:47 | Create | Villager (Male) |
| 9:21 | Create | Villager (Male) |
| 9:41 | Build | House |
| 9:45 | Build | House |
| 9:46 | Build | House |
| 9:48 | Build | House |
| 10:02 | Age | Feudal Age |
| 10:02 | Research | Double-Bit Axe |
| 10:04 | Research | Horse Collar |
| 10:04 | Research | Horse Collar |
| 10:21 | Build | Market |
| 10:30 | Create | Villager (Male) |
| 11:35 | Create | Villager (Male) |
| 11:43 | Build | Farm |
| 11:43 | Build | Farm |
| 11:51 | Build | Farm |
| 12:19 | Build | Stone Wall |
| 12:23 | Build | Stone Wall |
| 12:27 | Build | Gate |
| 12:30 | Create | Villager (Male) |
| 12:35 | Build | Blacksmith |
| 13:22 | Build | Mining Camp |
| 13:46 | Research | Castle Age |
| 13:47 | Research | Castle Age |
| 14:09 | Create | Trade Cart |
| 14:23 | Build | Stone Wall |
| 14:28 | Build | Stone Wall |
| 15:05 | Create | Trade Cart |
| 15:19 | Research | Stone Mining |
| 15:40 | Build | Farm |
| 15:40 | Build | Farm |
| 15:41 | Build | Farm |
| 15:51 | Create | Villager (Male) |
| 16:26 | Age | Castle Age |
| 16:29 | Create | Trade Cart |
| 16:48 | Build | Lumber Camp |
| 16:57 | Create | Villager (Male) |
| 16:58 | Create | Villager (Male) |
| 17:26 | Create | Trade Cart |
| 17:27 | Create | Villager (Male) |
| 17:28 | Create | Villager (Male) |
| 17:35 | Build | House |
| 17:38 | Build | House |
| 17:40 | Build | House |
| 17:43 | Build | House |
| 17:51 | Create | Villager (Male) |
| 17:59 | Build | Farm |
| 18:14 | Create | Villager (Male) |
| 18:14 | Create | Villager (Male) |
| 18:32 | Build | Gate |
| 18:34 | Build | Stone Wall |
| 18:35 | Build | Stone Wall |
| 18:38 | Create | Villager (Male) |
| 18:40 | Create | Trade Cart |
| 18:54 | Build | Farm |
| 19:00 | Build | Farm |
| 19:08 | Create | Trade Cart |
| 19:19 | Create | Villager (Male) |
| 19:59 | Build | Barracks |
| 19:59 | Create | Villager (Male) |
| 20:08 | Create | Villager (Male) |
| 20:14 | Create | Trade Cart |
| 20:31 | Create | Villager (Male) |
| 20:36 | Create | Trade Cart |
| 20:38 | Create | Villager (Male) |
| 20:38 | Create | Villager (Male) |
| 21:06 | Build | Castle |
| 21:24 | Create | Villager (Male) |
| 21:32 | Build | Farm |
| 21:32 | Build | Farm |
| 21:32 | Build | Farm |
| 21:40 | Build | Farm |
| 21:40 | Build | Farm |
| 21:41 | Create | Villager (Male) |
| 21:42 | Create | Villager (Male) |
| 22:01 | Create | Trade Cart |
| 22:30 | Research | Caravan |
| 22:33 | Create | Villager (Male) |
| 22:55 | Create | Villager (Male) |
| 22:59 | Build | Lumber Camp |
| 23:09 | Research | Heavy Plow |
| 23:26 | Build | Farm |
| 23:26 | Build | Farm |
| 23:28 | Create | Villager (Male) |
| 23:42 | Create | Villager (Male) |
| 23:52 | Build | Farm |
| 24:09 | Research | Wheelbarrow |
| 24:14 | Create | Trade Cart |
| 24:43 | Build | University |
| 24:52 | Build | Farm |
| 25:06 | Create | Villager (Male) |
| 25:15 | Create | Trade Cart |
| 25:16 | Create | Trade Cart |
| 25:37 | Build | Mining Camp |
| 25:53 | Create | Trade Cart |
| 25:58 | Research | Bow Saw |
| 26:11 | Create | Villager (Male) |
| 26:19 | Research | Fortified Wall (upgrade) |
| 26:28 | Create | Trade Cart |
| 26:44 | Research | Gold Mining |
| 26:47 | Research | Stone Shaft Mining |
| 27:22 | Create | Trade Cart |
| 27:31 | Build | Farm |
| 27:31 | Build | Farm |
| 27:36 | Research | Town Watch |
| 28:00 | Build | House |
| 28:01 | Build | House |
| 28:02 | Build | House |
| 28:05 | Build | House |
| 28:06 | Build | House |
| 28:07 | Build | House |
Match timeline
| 4:06 | antikiller247 · wall_segment Palisade Wall x5 |
| 5:29 | Mursustaja · wall_segment Palisade Wall x8 |
| 5:58 | Mursustaja · wall_segment Palisade Wall x16 |
| 6:00 | Mursustaja · wall_segment Palisade Wall x3 |
| 8:14 | Finarfin · wall_segment Palisade Wall x12 |
| 8:30 | antikiller247 · wall_segment Palisade Wall x1 |
| 8:33 | antikiller247 · wall_segment Palisade Wall x6 |
| 9:02 | Attila the Hun · first_building Barracks |
| 9:03 | Mursustaja · wall_segment Palisade Wall x13 |
| 9:46 | Finarfin · age_up feudal |
| 9:48 | Finarfin · wall_segment Palisade Wall x9 |
| 10:02 | antikiller247 · age_up feudal |
| 11:08 | m00n · age_up feudal |
| 11:24 | antikiller247 · first_market_buy 100 food |
| 11:26 | Loki · age_up feudal |
| 11:27 | Mursustaja · age_up feudal |
| 11:30 | Attila the Hun · age_up feudal |
| 11:37 | Finarfin · wall_segment Palisade Wall x1 |
| 11:45 | JuL10SSJ · first_building Barracks |
| 11:48 | JuL10SSJ · age_up feudal |
| 11:57 | Finarfin · wall_segment Palisade Wall x1 |
| 12:19 | antikiller247 · wall_segment Stone Wall x5 |
| 12:23 | antikiller247 · wall_segment Stone Wall x7 |
| 12:56 | Attila the Hun · first_building Stable |
| 13:07 | Lupone81 · age_up feudal |
| 13:30 | Mursustaja · wall_segment Stone Wall x13 |
| 14:09 | antikiller247 · first_market_sell 100 wood |
| 14:23 | antikiller247 · wall_segment Stone Wall x5 |
| 14:28 | antikiller247 · wall_segment Stone Wall x7 |
| 14:46 | Mursustaja · wall_segment Stone Wall x8 |
| 14:48 | Mursustaja · wall_segment Stone Wall x2 |
| 15:16 | Loki · age_up castle |
| 15:29 | Mursustaja · wall_segment Stone Wall x4 |
| 15:32 | Mursustaja · wall_segment Stone Wall x18 |
| 15:37 | Lupone81 · wall_segment Stone Wall x10 |
| 15:44 | Loki · wall_segment Palisade Wall x4 |
| 16:10 | Mursustaja · wall_segment Stone Wall x1 |
| 16:26 | antikiller247 · age_up castle |
| 16:32 | JuL10SSJ · first_market_buy 100 food |
| 16:48 | Mursustaja · wall_segment Stone Wall x6 |
| 17:00 | Attila the Hun · wall_segment Stone Wall x9 |
| 17:10 | Mursustaja · first_building Barracks |
| 17:14 | m00n · first_market_buy 100 food |
| 17:49 | JuL10SSJ · first_building Archery Range |
| 17:54 | JuL10SSJ · first_building Stable |
| 18:05 | m00n · wall_segment Stone Wall x23 |
| 18:09 | Lupone81 · wall_segment Stone Wall x19 |
| 18:34 | antikiller247 · wall_segment Stone Wall x1 |
| 18:35 | Mursustaja · age_up castle |
| 18:35 | antikiller247 · wall_segment Stone Wall x5 |
| 18:41 | m00n · wall_segment Stone Wall x13 |
| 18:46 | Mursustaja · first_market_buy 100 wood |
| 19:06 | Attila the Hun · age_up castle |
| 19:28 | JuL10SSJ · age_up castle |
| 19:40 | JuL10SSJ · first_building Castle |
| 19:59 | antikiller247 · first_building Barracks |
| 20:01 | Lupone81 · age_up castle |
| 20:02 | Attila the Hun · wall_segment Stone Wall x13 |
| 20:06 | m00n · age_up castle |
| 21:06 | antikiller247 · first_building Castle |
| 21:19 | Mursustaja · first_building Monastery |
| 21:20 | Attila the Hun · wall_segment Stone Wall x13 |
| 21:38 | Finarfin · age_up castle |
| 22:12 | Lupone81 · first_building Castle |
| 22:58 | Attila the Hun · first_building Archery Range |
| 23:18 | Loki · first_building Castle |
| 23:55 | m00n · first_building Barracks |
| 24:29 | Finarfin · first_building Castle |
| 24:44 | Finarfin · first_building Monastery |
| 24:49 | Attila the Hun · first_market_buy 100 wood |
| 24:52 | m00n · first_building Stable |
| 25:02 | Lupone81 · wall_segment Stone Wall x14 |
| 25:13 | JuL10SSJ · first_building Monastery |
| 25:46 | Finarfin · first_market_sell 100 food |
| 25:47 | Finarfin · first_market_buy 100 wood |
| 26:11 | Attila the Hun · first_building Castle |
| 26:22 | Mursustaja · first_market_sell 100 wood |
| 27:04 | m00n · first_building Archery Range |
| 27:49 | Finarfin · first_building Barracks |
| 28:18 | m00n · first_building Monastery |
| 28:31 | Lupone81 · first_building Barracks |
| 28:34 | Finarfin · first_building Stable |
| 28:41 | Finarfin · age_up imperial |
| 30:25 | m00n · first_building Castle |
| 30:55 | Lupone81 · first_building Stable |
| 31:12 | Attila the Hun · first_market_sell 100 wood |
| 31:22 | Finarfin · first_building Siege Workshop |
| 31:22 | Loki · first_building Barracks |
| 31:50 | Lupone81 · age_up imperial |
| 31:56 | antikiller247 · age_up imperial |
| 32:24 | Loki · first_building Stable |
| 32:35 | Mursustaja · first_building Castle |
| 32:49 | Loki · age_up imperial |
| 33:00 | JuL10SSJ · first_building Siege Workshop |
| 33:10 | Loki · first_market_sell 100 food |
| 33:12 | m00n · age_up imperial |
| 33:22 | Lupone81 · wall_segment Stone Wall x16 |
| 34:23 | m00n · first_market_sell 100 wood |
| 34:31 | Attila the Hun · first_building Monastery |
| 35:06 | JuL10SSJ · age_up imperial |
| 35:22 | antikiller247 · first_building Siege Workshop |
| 35:42 | Attila the Hun · first_building Siege Workshop |
| 35:54 | antikiller247 · wall_segment Stone Wall x11 |
| 36:02 | Lupone81 · wall_segment Stone Wall x9 |
| 36:14 | antikiller247 · wall_segment Stone Wall x10 |
| 36:22 | Attila the Hun · age_up imperial |
| 36:35 | Mursustaja · age_up imperial |
| 36:44 | Finarfin · wall_segment Palisade Wall x33 |
| 37:09 | Loki · first_building Siege Workshop |
| 38:13 | Mursustaja · first_building Siege Workshop |
| 39:30 | Lupone81 · first_market_sell 100 food |
| 41:08 | JuL10SSJ · first_market_sell 100 food |
| 43:58 | Mursustaja · wall_segment Stone Wall x69 |
| 45:57 | Mursustaja · wall_segment Stone Wall x38 |
| 46:56 | Mursustaja · first_building Archery Range |
| 48:47 | JuL10SSJ · resign |
| 50:55 | Lupone81 · first_market_buy 100 stone |
| 55:05 | Mursustaja · wall_segment Stone Wall x7 |
| 55:07 | Mursustaja · wall_segment Stone Wall x14 |
| 55:11 | Mursustaja · wall_segment Stone Wall x19 |
| 56:23 | Mursustaja · wall_segment Stone Wall x10 |
| 56:24 | Mursustaja · wall_segment Stone Wall x10 |
| 58:07 | Mursustaja · wall_segment Stone Wall x16 |
| 58:16 | Mursustaja · wall_segment Stone Wall x35 |
| 58:17 | Mursustaja · wall_segment Stone Wall x2 |
| 58:21 | Mursustaja · wall_segment Stone Wall x6 |
| 58:26 | Mursustaja · wall_segment Stone Wall x26 |
| 58:31 | Mursustaja · wall_segment Stone Wall x38 |
| 58:32 | Mursustaja · wall_segment Stone Wall x6 |
| 58:37 | Mursustaja · wall_segment Stone Wall x51 |
| 58:59 | Mursustaja · wall_segment Stone Wall x1 |
| 60:17 | antikiller247 · wall_segment Stone Wall x5 |
[ AI ANALYSIS · 1 CREDIT ]
What really happened in this match?
Wolo.gg analyzes every decision: build order, eco, micro, common mistakes by bracket. Personalized analysis on WhatsApp or Discord in 30 seconds.
Civ guide
Maya
Map guide
Lombardia
Perfil
Jugador #598612